 Dungeon Crawl Stone Soup version 0.28-a0-664-gc179e30c89 (webtiles) character file.

Game seed: 10377757007525600993

2 Johnny the Slasher (level 1, -1/27 HPs)
             Began as a Human Berserker on Oct 16, 2021.
             Was a Follower of Trog.
             Slain by a quokka (5 damage)
             ... on level 1 of the Dungeon.
             The game lasted 00:00:09 (114 turns).

Johnny the Slasher (Human Berserker)                 Turns: 114, Time: 00:00:10

Health: -1/27      AC:  2    Str: 17    XL:     1   Next: 44%
Magic:  1/1        EV: 12    Int:  7    God:    Trog [*.....]
Gold:   0          SH:  0    Dex: 12    Spells: 0/0 levels left

rFire   . . .      SeeInvis .   a - +0 falchion
rCold   . . .      Faith    .   (no shield)
rNeg    . . .      Spirit   .   b - +0 animal skin
rPois   .          Reflect  .   (no helmet)
rElec   .          Harm     .   (no cloak)
rCorr   .          Rampage  .   (no gloves)
Will    .....                   (no boots)
Stlth   ..........              (no amulet)
HPRegen 0.09/turn               (no ring)
MPRegen 0.07/turn               (no ring)

@: berserking, very quick
A: no striking features
a: Renounce Religion, Berserk


You were on level 1 of the Dungeon.
You worshipped Trog.
Trog was aware of your devotion.
You visited 1 branch of the dungeon, and saw 1 of its levels.

Inventory:

Hand Weapons
 a - a +0 falchion (weapon)
Armour
 b - a +0 animal skin (worn)


   Skills:
 + Level 3.0 Fighting
 * Level 3.1 Long Blades
 - Level 2.0 Armour
 - Level 2.0 Dodging


You couldn't memorise any spells.
You didn't know any spells.
Your spell library was empty.

Dungeon Overview and Level Annotations

Branches:
Dungeon (1/15)

Altars:

Shops:
D:1 ?


Message History

No target in view!
No target in view!
No target in view!
There is an entrance to Oqeatz's Magic Scroll Emporium here.
As you open the door, it creaks loudly!
There is an open door here.
You open the door.
There is an open door here.
Found a pair of boots.
Found a stone staircase leading down.
Found 24 arrows.
A quokka comes into view.
Found 16 sling bullets.
A gnoll comes into view. It is wielding a +0 whip.
The gnoll shouts!
You see here a +0 pair of boots.
The gnoll misses you.
You hit the gnoll but do no damage. The gnoll hits you with a +0 whip!
The quokka bites you.
You are too injured to fight recklessly!
You are too injured to fight recklessly!
You are too injured to fight recklessly!
You are too injured to fight recklessly!
You are too injured to fight recklessly!
You are too injured to fight recklessly!
A red film seems to cover your vision as you go berserk!
You feel yourself moving faster!
You feel mighty! The quokka completely misses you.
The gnoll hits you with a +0 whip.
You closely miss the gnoll. The quokka closely misses you.
The gnoll barely misses you.
You slash the gnoll!
The gnoll is severely wounded.
The quokka bites you.
* * * LOW HITPOINT WARNING * * *
The gnoll hits you with a +0 whip.
* * * LOW HITPOINT WARNING * * *
You slash the gnoll!
You kill the gnoll!
Trog accepts your kill. The quokka bites you.
You die...

.#..#.###
##.#'###'#.#
......# #.##...##.#
####### #.#.....#.#
#.#.....#.#
#.#.....#.#
#.##...##.#
#..#####..######
####...#.[....(....
......)@...########
......r.........
.....(..........
######..>..##....
#.....# ....
####### ... ..


You could see a quokka.

Vanquished Creatures
  A gnoll (D:1)
  An endoplasm (D:1)
  A quokka (D:1)
3 creatures vanquished.

Notes
Turn   | Place    | Note
-------+----------+-------------------------------------------
     0 | D:1      | Johnny the Human Berserker began the quest for the Orb.
     0 | D:1      | Reached XP level 1. HP: 18/18 MP: 1/1
    39 | D:1      | Found Oqeatz's Magic Scroll Emporium.
   114 | D:1      | Slain by a quokka

Illustrated notes

Levels and vault maps discovered:
D:1:      noname_arrival_rooms_in_the_neighbourhood, layout_basic, serial_shops,
          nicolae_shop_crystal, grunt_decor_cap

Action                   || total
-------------------------++-------
Melee: Falchion          ||     6
Invok: Berserk           ||     1
Dodge: Dodged            ||     5

Table legend: (Time is in decaauts)
 A = Elapsed time spent in this place.
 B = Non-inter-level travel time spent in this place.
 C = Inter-level travel time spent in this place.
 D = Time resting spent in this place.
 E = Time spent auto-exploring this place.
 F = Levels seen in this place.
 G = Mean time per level.
                   A        B        C        D        E       F      G
               +--------+--------+--------+--------+--------+-----+--------+
         Total |    114 |    114 |      0 |      0 |     94 |   1 |  114.0 |
       Dungeon |    114 |    114 |      0 |      0 |     94 |   1 |  114.0 |
               +--------+--------+--------+--------+--------+-----+--------+

Top non-repeatable levels by time:
     D:1: 114 daAuts
